 Dungeon Crawl Stone Soup version 0.25-a0-651-g8c222c7a2b (webtiles) character file.

Game seed: 524343577021236365, levelgen mode: deterministic

88 Mehrunes the Changer (level 4, -8/32 HPs)
             Began as a Merfolk Transmuter on Mar 22, 2020.
             Mangled by a gnoll
             ... wielding a +0 halberd
              (17 damage)
             ... on level 3 of the Dungeon.
             The game lasted 00:05:23 (2510 turns).

Mehrunes the Changer (Merfolk Transmuter)           Turns: 2510, Time: 00:05:23

Health: -8/32      AC:  3    Str: 11    XL:     4   Next: 54%
Magic:  7/7        EV: 14    Int: 12    God:
Gold:   56         SH:  0    Dex: 14    Spells: 4/7 levels left

rFire    . . .     SeeInvis .     - Unarmed
rCold    . . .     Gourm    .   (no shield)
rNeg     . . .     Faith    .   b - +0 robe
rPois    .         Spirit   .   (no helmet)
rElec    .         Reflect  .   (no cloak)
rCorr    .         Harm     .   (no gloves)
MR       .....                  c - +0 pair of boots
Stlth    +.........             (no amulet)
HPRegen  0.10/turn              (no ring)
MPRegen  0.10/turn              (no ring)

@: no status effects
A: change form in water, swift swim, stealthy swim
a: no special abilities


You were on level 3 of the Dungeon.
You were very hungry.

You visited 1 branch of the dungeon, and saw 3 of its levels.

You collected 56 gold pieces.

Inventory:

Hand Weapons
 f - a +0 whip
 j - a +0 hunting sling
Missiles
 a - 59 arrows
 h - 15 poisoned darts
 i - 6 curare-tipped darts (quivered)
Armour
 b - a +0 robe (worn)
 c - a +0 pair of boots (worn)
Scrolls
 e - 5 scrolls of amnesia {unknown}
 l - 2 scrolls of teleportation {unknown}
 m - 2 scrolls of identify {unknown}
Potions
 g - 4 potions of curing {unknown}
 k - a potion of mutation {unknown}
Comestibles
 d - 6 rations
 n - a chunk of flesh


   Skills:
 - Level 1.1 Fighting
 + Level 3.9 Dodging
 + Level 4.1 Unarmed Combat
 - Level 2.0 Spellcasting
 * Level 4.6 Transmutations


You had 4 spell levels left.
You knew the following spells:

 Your Spells              Type           Power        Failure   Level  Hunger
a - Beastly Appendage     Tmut           ##....       4%          1    ##.....
b - Sticks to Snakes      Tmut           ##......     6%          2    ###....

Your spell library contained the following spells:

 Spells                   Type           Power        Failure   Level  Hunger
 Spider Form              Tmut/Pois      #.........   32%         3    ####...
 Ice Form                 Ice/Tmut       #.......     71%         4    #####..
 Blade Hands              Tmut           ##........   75%         5    ######.


Dungeon Overview and Level Annotations

Branches:
Dungeon (3/15)

Altars:


Message History

You see here a stone.
Your transformation is almost over.
There is a stone staircase leading up here.
You see here a stone.
There is a stone staircase leading up here.
You see here a stone.
Your horns disappear.
There is a stone staircase leading up here.
You see here a stone.
There is a stone staircase leading up here.
You see here a stone.
There is a stone staircase leading up here.
You hit the gnoll.
The gnoll is almost dead.
The gnoll misses you. The gnoll blocks your attack.
The gnoll is almost dead.
The gnoll hits you from afar with a +0 halberd!
Ouch! That really hurt!
You die...

###.....#.........#
#####g#.........#
#.#....###### #.###..#
#.. #..g...# #.#######
######.# #.#.....#
#.....# #รท...#
#.....###g#..#
########...(#@#..##.#
#... .#..#..((.....#
##.####.#..#.#g#######
###[....#.#..#.#..#
..........#..###..#
###..#....#.g.##..#
#.g....#.##.#.###.#
#.##.#.#..g.#.....#
#<#..#.############


You could see 2 gnolls.

Vanquished Creatures
  Robin (D:3)
  A gnoll (D:3)
  2 adders (D:2)
  An adder skeleton (D:3)
  A dart slug (D:1)
  4 bats
  A giant cockroach (D:1)
  15 goblins
  2 hobgoblins
  2 jackals (D:1)
  A quokka (D:3)
  5 frilled lizards
  5 kobolds
  A leopard gecko skeleton (D:3)
  4 rats
46 creatures vanquished.

Notes
Turn   | Place    | Note
-------+----------+-------------------------------------------
     0 | D:1      | Mehrunes the Merfolk Transmuter began the quest for the
                  | Orb.
     0 | D:1      | Reached XP level 1. HP: 15/15 MP: 3/3
   169 | D:1      | Reached XP level 2. HP: 18/21 MP: 5/5
   176 | D:1      | Learned a level 2 spell: Sticks to Snakes
   948 | D:2      | Reached XP level 3. HP: 26/26 MP: 4/6
  2116 | D:3      | Reached XP level 4. HP: 30/32 MP: 7/7
  2160 | D:3      | Noticed Robin
  2179 | D:3      | Killed Robin
  2510 | D:3      | Mangled by a gnoll

Levels and vault maps discovered:
D:1:      nicolae_arrival_washed_ashore, layout_rooms
D:2:      layout_basic, first_ration, kennysheep_boxes
D:3:      layout_basic, uniq_natasha, uniq_robin, uniq_ijyb

Skill      XL: |  1  2  3  4 |
---------------+-------------+-----
Dodging        | 3 |  3.9
Transmutations | 3 4 |  4.6
Unarmed Combat | 4 |  4.1
Fighting       | |  1.1
Spellcasting   | |  2.0

Action                   |  1- 3 |  4- 6 || total
-------------------------+-------+-------++-------
Melee: Unarmed           |   105 |    59 ||   164
       Headbutt          |     6 |     2 ||     8
       Punch             |       |     3 ||     3
Throw: Dart              |     4 |       ||     4
 Cast: Beastly Appendage |     9 |     4 ||    13
 Stab: Sleeping          |     1 |     1 ||     2
  Eat: Chunk             |     4 |       ||     4
Armor: Robe              |    24 |     6 ||    30
Dodge: Dodged            |    73 |    66 ||   139

Table legend:
 A = Non-vault XP
 B = Vault XP
 C = Vault XP percentage of total XP
 D = Non-vault monster count
 E = Vault monster count
 F = Vault count percentage of total count
                 A         B        C        D         E       F
            +---------+---------+-------+---------+---------+-------
      Total |      99 |      28 |  22.0 |      38 |       8 |  17.4
            +---------+---------+-------+---------+---------+-------
        D:1 |      28 |       0 |   0.0 |      15 |       0 |   0.0
        D:2 |      38 |       0 |   0.0 |      12 |       0 |   0.0
        D:3 |      33 |      28 |  45.9 |      11 |       8 |  42.1
            +---------+---------+-------+---------+---------+-------
